Map: Ascension to Aiur LE

Players

Jig - Winner!

  • Race: Zerg Zerg
  • Spawn Location: 11:00

PengWin

  • Race: Zerg Zerg
  • Spawn Location: 5:00

Event: WCS Montreal 2017

VOD

Have the link to the VOD?

Description

Time

  • Played on: Sept. 8, 2017, 2:52 p.m.
  • Length: 16:20

All games in this series

Show
View Real Time Build Order
Export as new Build Order

Jig Zerg - Winner!

Build Orders: Pool First 

Get SALT Encoding   

  12  0:00  Drone  
  13  0:07  Drone  
  14  0:17  Overlord  
  14  0:22  Extractor  
  14  0:23  Drone  
  14  0:39  Spawning Pool  
  13  0:43  Drone  
  13  0:46  Drone  
  15  0:51  Drone  
  16  0:57  Drone  
  17  1:26  Queen, Metabolic Boost  
  17  1:27  Zergling x4  
  21  1:45  Hatchery  
  20  1:51  Overlord  
  20  1:56  Drone  
  20  1:59  Drone  
  22  2:14  Baneling Nest, Drone  
  22  2:18  Queen  
  24  2:26  Drone x2  
  26  2:33  Drone  
  26  2:34  Drone  
  28  2:39  Roach Warren  
  28  2:41  Drone  
  29  2:49  Drone  
  30  2:52  Overlord  
  30  3:05  Overlord  
  31  3:20  Roach x4  
  31  3:24  Roach  
  39  3:31  Roach  
  39  3:32  Roach x3  
  46  3:38  Zergling x2  
  47  3:44  Overlord  
  47  3:45  Zergling x6  
  50  3:53  Zergling x2  
  51  3:58  Spine Crawler  
  51  3:59  Overlord  
  50  4:14  Zergling x10  
  55  4:20  Lair  
  55  4:25  Overlord  
  55  4:26  Drone  
  56  4:39  Drone x4  
  60  4:45  Drone x2  
  60  4:46  Drone  
  60  4:49  Drone  
  57  5:04  Extractor x3, Drone x3  
  57  5:05  Drone x2  
  57  5:14  Roach  
  57  5:16  Drone x3  
  60  5:22  Drone x2  
  62  5:28  Spire  
  62  5:29  Drone  
  62  5:30  Roach x2, Drone  
  62  5:35  Drone  
  62  5:36  Drone x2  
  62  5:40  Drone  
  62  5:42  Ravager  
  65  5:43  Ravager  
  65  5:45  Drone  
  65  5:47  Drone x2  
  59  6:03  Overlord  
  57  6:04  Zergling x2  
  57  6:05  Zergling x8  
  62  6:15  Ravager  
  63  6:21  Overlord  
  59  6:25  Zergling x6  
  59  6:26  Zergling x2  
  59  6:30  Baneling Nest  
  61  6:35  Hatchery  
  60  6:40  Queen  
  60  6:41  Zerg Flyer Armor Level 1  
  60  6:43  Mutalisk x2  
  60  6:44  Mutalisk  
  68  6:51  Mutalisk x3  
  74  7:00  Mutalisk  
  76  7:07  Mutalisk  
  78  7:16  Mutalisk  
  78  7:21  Drone  
  78  7:22  Drone x7  
  88  7:27  Overlord  
  87  7:33  Mutalisk x2, Extractor  
  90  7:37  Extractor  
  90  7:44  Drone x2  
  91  7:47  Mutalisk  
  91  7:49  Overlord  
  93  7:54  Overlord  
  93  7:58  Mutalisk x2  
  93  7:59  Queen  
  93  8:02  Overlord  
  97  8:17  Mutalisk x2  
  97  8:18  Mutalisk  
  102  8:20  Overlord  
  102  8:26  Overlord  
  101  8:35  Zergling x14  
  101  8:39  Hatchery  
  107  8:52  Mutalisk x5  
  117  8:57  Overlord  
  117  9:07  Spore Crawler, Drone x3  
  117  9:08  Drone x2  
  121  9:13  Overlord  
  121  9:16  Drone, Infestation Pit  
  121  9:17  Drone x2  
  123  9:21  Drone  
  123  9:22  Extractor, Drone x2  
  125  9:25  Extractor  
  125  9:28  Zerg Flyer Weapons Level 1  
  125  9:31  Drone x3  
  127  9:46  Mutalisk x5  
  137  10:00  Drone x7  
  137  10:03  Spore Crawler  
  137  10:04  Spore Crawler  
  142  10:11  Pathogen Glands  
  142  10:12  Burrow  
  142  10:20  Mutalisk x4  
  150  10:27  Spore Crawler  
  149  10:30  Spore Crawler  
  149  10:35  Infestor x2  
  150  10:38  Overlord  
  152  10:44  Overlord  
  152  10:54  Overlord  
  152  10:58  Hive  
  152  11:03  Evolution Chamber x2  
  150  11:06  Drone x3  
  150  11:09  Mutalisk x6  
  150  11:11  Overlord  
  165  11:18  Infestor  
  165  11:19  Infestor x2  
  170  11:34  Zergling x2  
  170  11:35  Zergling x14  
  178  11:42  Zergling x2  
  178  11:43  Zergling x10  
  178  11:46  Hatchery  
  183  12:03  Zerg Melee Weapons Level 1, Zerg Ground Armor Level 1  
  181  12:25  Adrenal Glands  
  181  12:27  Ultralisk Cavern  
  168  12:30  Overseer x2  
  168  12:31  Pneumatized Carapace  
  168  12:41  Zerg Flyer Armor Level 2  
  167  12:47  Spore Crawler  
  167  12:49  Spore Crawler  
  165  13:01  Mutalisk  
  167  13:13  Spore Crawler  
  167  13:17  Drone x10  
  167  13:19  Chitinous Plating  
  176  13:20  Overlord  
  149  14:10  Spine Crawler  
  149  14:11  Spine Crawler  
  149  14:12  Spine Crawler  
  149  14:15  Spine Crawler  
  107  14:20  Mutalisk x13  
  131  14:28  Ultralisk x6  
  167  14:34  Extractor x2  
  167  14:36  Spore Crawler x2, Spine Crawler  
  162  14:39  Infestor  
  162  14:40  Infestor  
  166  14:47  Overlord  
  164  14:53  Hatchery  
  164  14:57  Ultralisk x2  
  174  15:03  Drone x3  
  174  15:04  Drone x4  
  178  15:31  Ultralisk  
Show
View Real Time Build Order
Export as new Build Order

PengWin Zerg 

Build Orders: Pool First 

Get SALT Encoding   

  12  0:01  Drone  
  13  0:12  Overlord  
  13  0:17  Drone  
  14  0:31  Drone x2  
  14  0:35  Drone  
  17  0:40  Extractor  
  16  0:47  Spawning Pool  
  15  0:51  Drone  
  15  0:56  Drone  
  17  1:08  Drone  
  18  1:20  Hatchery  
  17  1:34  Queen  
  17  1:36  Zergling x2  
  20  1:42  Metabolic Boost  
  20  1:48  Zergling x2  
  21  1:54  Overlord  
  21  2:01  Baneling Nest  
  21  2:05  Zergling x2  
  21  2:08  Zergling x2  
  22  2:32  Zergling x6  
  25  2:37  Queen  
  27  2:44  Baneling  
  27  2:45  Baneling x2  
  27  2:49  Baneling  
  27  2:55  Drone x2  
  27  2:56  Drone x3  
  32  3:08  Drone x3  
  35  3:22  Overlord x2  
  34  3:37  Lair  
  34  3:40  Extractor, Drone  
  34  3:41  Drone  
  34  3:42  Drone x2  
  34  3:47  Drone x2  
  39  4:00  Spine Crawler x2  
  36  4:18  Spine Crawler  
  36  4:19  Spine Crawler, Drone  
  36  4:20  Drone x2  
  36  4:21  Zergling x6  
  39  4:24  Zergling x2  
  39  4:25  Zergling x2  
  41  4:38  Spine Crawler  
  41  4:41  Overlord  
  41  4:42  Zergling x4  
  42  4:50  Zergling x2  
  40  5:03  Zergling x12  
  40  5:04  Zergling x2  
  42  5:19  Drone x5  
  43  5:40  Spire  
  33  5:54  Drone  
  33  5:55  Drone x5  
  35  6:07  Drone  
  35  6:08  Drone x6  
  41  6:22  Extractor  
  41  6:23  Extractor  
  38  6:30  Zergling x8  
  42  6:34  Queen  
  44  6:43  Overlord  
  44  6:44  Drone x4  
  48  7:03  Mutalisk x4  
  48  7:05  Mutalisk x2  
  60  7:14  Overlord  
  60  7:15  Overlord  
  59  7:18  Zerg Flyer Weapons Level 1  
  59  7:32  Overseer  
  59  7:37  Mutalisk x4  
  66  7:44  Drone  
  66  7:45  Drone x2  
  66  7:46  Overlord x2  
  66  7:50  Mutalisk  
  71  7:51  Zergling x4  
  73  8:12  Infestation Pit  
  68  8:19  Mutalisk x2  
  64  8:21  Zergling x6  
  64  8:22  Zergling x10  
  76  8:31  Mutalisk  
  76  8:32  Overlord  
  75  8:49  Overlord x3  
  75  8:55  Overlord  
  75  8:56  Overlord x2  
  75  8:57  Pathogen Glands  
  75  9:29  Hatchery  
  74  9:32  Infestor x3  
  74  9:34  Hatchery  
  79  9:41  Infestor  
  79  9:45  Zergling x20  
  91  9:58  Overlord x3  
  91  10:04  Infestor  
  92  10:13  Burrow  
  91  10:17  Infestor  
  93  10:27  Infestor  
  95  10:31  Zergling x14  
  102  10:40  Infestor  
  104  10:51  Mutalisk  
  104  10:53  Zergling x2  
  107  11:03  Zerg Flyer Armor Level 1  
  107  11:17  Hatchery  
  106  11:21  Extractor  
  106  11:27  Hatchery  
  105  11:33  Mutalisk, Overlord x2  
  105  11:34  Overlord  
  105  11:35  Overlord  
  107  11:53  Mutalisk x4  
  109  11:56  Drone x9  
  113  12:25  Mutalisk  
  113  12:26  Mutalisk x3  
  119  12:32  Zergling x10  
  119  12:33  Baneling x2  
  119  12:34  Baneling  
  124  12:43  Drone  
  125  12:53  Queen, Evolution Chamber x2  
  125  13:02  Mutalisk x2, Hatchery  
  125  13:04  Mutalisk  
  129  13:19  Mutalisk x2  
  133  13:25  Drone x6  
  133  13:26  Extractor x2  
  137  13:33  Zerg Ground Armor Level 1  
  135  13:53  Zerg Melee Weapons Level 1  
  135  13:55  Mutalisk  
  92  14:30  Queen  
  94  14:32  Extractor  
  94  14:35  Overseer x2  
  94  14:38  Drone x3  
  96  14:40  Extractor, Infestor x3  
  101  14:45  Zergling x2  
  101  14:46  Zergling x32  
  107  14:58  Drone x3  
  107  14:59  Drone x2  
  112  15:03  Baneling x2  
  112  15:11  Mutalisk x3  
  117  15:16  Infestor  
  118  15:27  Drone x4  
  117  15:30  Pneumatized Carapace  
  115  15:49  Mutalisk x4  
Tags
 
Add a new tag
Caveats
  • Supply blocks, unpowered buildings, or Contaminate may cause inaccurate times.
  • Supply counts are checked every 10 seconds.